 Dungeon Crawl Stone Soup version 0.29.1-2-gbd0b4ee654 (console) character file.

Game seed: 14416506955071139868

32038 matvey144 the Cleaver (level 13, -7/175 HPs)
             Began as a Minotaur Berserker on Oct 29, 2022.
             Was a High Priest of Trog.
             Mangled by an eight-headed hydra (9 damage)
             ... on level 3 of the Lair of Beasts.
             The game lasted 01:20:51 (17851 turns).

matvey144 the Cleaver (Minotaur Berserker)         Turns: 17851, Time: 01:20:51

Health: -7/175     AC: 16    Str: 28    XL:     13   Next: 29%
Magic:  12/12      EV: 12    Int:  4    God:    Trog [*****.]
Gold:   497        SH: 16    Dex:  9    Spells: 12/12 levels left

rFire   . . .      SeeInvis +   F - +0 mace
rCold   . . .      Faith    .   B - +0 kite shield
rNeg    . . .      Spirit   .   O - +3 scale mail {rPois}
rPois   +          Reflect  +   (helmet restricted)
rElec   .          Harm     +   z - scarf {harm}
rCorr   .          Rampage  .   c - +0 pair of gloves
Will    .....                   h - +1 pair of boots
Stlth   ..........              J - amulet of reflection
HPRegen 0.39/turn               i - ring of see invisible
MPRegen 0.13/turn               (no ring)

@: berserking, very quick
A: horns 2, retaliatory headbutt
a: Renounce Religion, Berserk, Trog's Hand, Brothers in Arms


You were on level 3 of the Lair of Beasts.
You worshipped Trog.
Trog was extremely pleased with you.
You visited 2 branches of the dungeon, and saw 14 of its levels.

You collected 974 gold pieces.
You spent 477 gold pieces at shops.

Inventory:

Hand Weapons
 a - a +1 hand axe of venom
 E - a +1 battleaxe of freezing
 F - a +0 mace (weapon)
Missiles
 n - 35 poisoned darts (quivered)
 v - a throwing net
Armour
 c - a +0 pair of gloves (worn)
 f - a +0 cloak
 h - a +1 pair of boots (worn)
 o - a +1 robe of fire resistance
 z - a scarf of harm (worn)
 B - a +0 kite shield (worn)
 I - +0 acid dragon scales
 L - +0 steam dragon scales
 O - a +3 scale mail of poison resistance (worn)
Jewellery
 i - a ring of see invisible (left hand)
 H - an amulet of the acrobat
 J - an amulet of reflection (around neck)
Wands
 t - a wand of flame (8)
 x - a wand of digging (4)
 y - a wand of paralysis (19)
 M - a wand of mindburst (4)
 N - a wand of iceblast (6)
Scrolls
 g - a scroll of fog
 k - a scroll of magic mapping {unknown}
 l - 11 scrolls of teleportation
 p - a scroll of torment {unknown}
 q - 4 scrolls of poison
 r - 2 scrolls of silence
 u - a scroll of fear
 w - a scroll of noise
 A - a scroll of immolation
 C - a scroll of acquirement {unknown}
 K - a scroll of vulnerability {unknown}
Potions
 b - a potion of cancellation {unknown}
 d - 3 potions of flight
 e - 2 potions of resistance
 j - 2 potions of lignification
 m - 10 potions of curing
 s - a potion of heal wounds
 D - 2 potions of berserk rage {unknown}
 G - a potion of haste {unknown}
 P - 5 potions of ambrosia
 Q - a potion of magic {unknown}


   Skills:
 + Level 11.9 Fighting
 + Level 14.5(14.6) Axes
 + Level 2.5(9.8) Maces & Flails
 + Level 0.1 Throwing
 + Level 12.4 Armour
 + Level 9.6 Dodging
 + Level 3.7 Stealth
 + Level 11.9 Shields
 + Level 0.8 Evocations


You had 12 spell levels left.
You didn't know any spells.
Your spell library was empty.

Dungeon Overview and Level Annotations

Branches:
Dungeon (11/15)            Temple (0/1) D:4            Lair (3/5) D:9
    Orc (0/2) D:10
  Swamp: Lair:2-3    Shoals: Lair:2-3     Snake: Lair:2-3    Spider: Lair:2-3

Altars:
Dithmenos
Elyvilon
Fedhas
Makhleb
Okawaru
Qazlal
Ru
Sif Muna
Trog
Wu Jian
Xom
Zin

Shops:
D:6 *[[[   D:8 =   D:9 !

Portals:
Trove: D:11 (give 6 scrolls of fear)


Innate Abilities, Weirdness & Mutations

You have a pair of horns on your head.
You reflexively headbutt those who attack you in melee.


Message History

The eight-headed hydra bites you.
* * * LOW HITPOINT WARNING * * *
The eight-headed hydra barely misses you.
The eight-headed hydra bites you.
* * * LOW HITPOINT WARNING * * *
You hit the eight-headed hydra.
The eight-headed hydra is lightly wounded.
The eight-headed hydra bites you but does no damage.
You block the eight-headed hydra's attack. x2
The eight-headed hydra bites you.
* * * LOW HITPOINT WARNING * * *
The eight-headed hydra bites you!
* * * LOW HITPOINT WARNING * * *
You block the eight-headed hydra's attack.
The eight-headed hydra closely misses you.
The eight-headed hydra bites you!
* * * LOW HITPOINT WARNING * * *
A red film seems to cover your vision as you go berserk!
You feel yourself moving faster!
You feel mighty! The eight-headed hydra bites you.
* * * LOW HITPOINT WARNING * * *
The eight-headed hydra barely misses you.
You block the eight-headed hydra's attack. x2
The eight-headed hydra misses you. The eight-headed hydra bites you.
* * * LOW HITPOINT WARNING * * *
The eight-headed hydra closely misses you.
The eight-headed hydra bites you but does no damage.
You barely miss the eight-headed hydra. You headbutt the eight-headed hydra!
The eight-headed hydra is lightly wounded.
A nearby plant withers and dies.
You block the eight-headed hydra's attack.
The eight-headed hydra bites you but does no damage.
The eight-headed hydra bites you.
* * * LOW HITPOINT WARNING * * *
The eight-headed hydra bites you but does no damage.
The eight-headed hydra bites you.
* * * LOW HITPOINT WARNING * * *
The eight-headed hydra closely misses you.
The eight-headed hydra bites you!
You die...

..### ## .....##.
#.###....P.#.#
.............
.............. #.
##.#...........P ......
#.#D....P#....P#
P.....##..@............
......#P..F....#.......
P..........P....P.......
..#...P.P...............
##......#...............
P.......................
>.......†.......†.......
..........##...P#.......
.........###...##.......
.......<.# #..## .......
.........# #..# .......


You could see an eight-headed hydra and a cane toad.

Vanquished Creatures
  2 hydras (D:11)
  Harold (D:11)
  A boulder beetle (D:10)
  2 two-headed ogres (D:11)
  4 wolf spiders (D:10)
  2 cyclopes (D:11)
  14 elephants
  5 cane toads
  2 gargoyles (D:11)
  8 black mambas
  3 komodo dragons
  3 trolls
  A queen bee (Lair:2)
  A hornet (D:10)
  A shadow (D:11)
  A wraith (D:11)
  A vampire (D:11)
  24 yaks
  4 wyverns
  A steam dragon (D:10)
  3 basilisks
  6 redbacks (D:10)
  4 vampire mosquitoes (D:11)
  An acid dragon (D:8)
  10 water moccasins
  6 orc warriors
  4 ice beasts
  3 black bears
  13 wolves
  2 centaurs
  A phantom (D:5)
  5 kobold brigands
  A gnoll sergeant (D:7)
  4 scorpions
  6 bullfrogs
  7 wights (D:8)
  61 killer bees
  A howler monkey (D:11)
  2 electric eels (D:9)
  10 hounds
  4 orc priests
  3 iron imps (D:6)
  3 iguanas
  2 gnoll boudas
  Terence (D:3)
  4 orc wizards
  14 gnolls
  5 adders
  A white imp (D:6)
  3 ufetubi
  3 worms
  2 dart slugs
  34 orcs
  4 bats
  7 endoplasms
  A giant cockroach (D:4)
  10 goblins
  14 hobgoblins
  6 jackals
  25 kobolds
  2 quokkas
  4 ball pythons
  2 frilled lizards (D:1)
  A rat (D:1)
386 creatures vanquished.

Vanquished Creatures (others)
  An acid dragon (D:9)
  16 fungi
  43 plants
60 creatures vanquished.

Grand Total: 446 creatures vanquished

Notes
Turn   | Place    | Note
-------+----------+-------------------------------------------
     0 | D:1      | matvey144 the Minotaur Berserker began the quest for the
                  | Orb.
     0 | D:1      | Reached XP level 1. HP: 19/19 MP: 0/0
   293 | D:1      | Reached XP level 2. HP: 27/27 MP: 1/1
   304 | D:1      | Reached skill level 4 in Axes
  1211 | D:2      | Reached XP level 3. HP: 27/33 MP: 2/2
  1690 | D:2      | Found a faded altar of an unknown god.
  1874 | D:3      | Reached ** piety under Trog
  1885 | D:3      | Noticed a water elemental
  1888 | D:3      | Found a stormy altar of Qazlal.
  1889 | D:3      | Noticed a fire elemental
  1889 | D:3      | Noticed an earth elemental
  1889 | D:3      | Noticed an air elemental
  2181 | D:3      | Reached XP level 4. HP: 35/41 MP: 3/3
  2249 | D:3      | Noticed Terence
  2258 | D:3      | Killed Terence
  2771 | D:4      | Reached skill level 5 in Axes
  2785 | D:4      | Reached XP level 5. HP: 42/47 MP: 4/4
  3034 | D:4      | Found a glowing silver altar of Zin.
  3290 | D:4      | Found an iron altar of Okawaru.
  3435 | D:4      | Reached skill level 5 in Fighting
  3655 | D:4      | Reached XP level 6. HP: 56/56 MP: 5/5
  3750 | D:4      | Found a shadowy altar of Dithmenos.
  3847 | D:4      | Found a staircase to the Ecumenical Temple.
  3987 | D:4      | Reached skill level 6 in Axes
  4231 | D:5      | Entered Level 5 of the Dungeon
  4305 | D:5      | Reached *** piety under Trog
  4361 | D:5      | Noticed an ice beast
  4367 | D:5      | Killed an ice beast
  4368 | D:5      | Reached skill level 5 in Armour
  4368 | D:5      | Reached XP level 7. HP: 62/62 MP: 6/6
  4802 | D:5      | Reached skill level 7 in Axes
  5434 | D:6      | Found Ippawir's Antique Armour Shoppe.
  5476 | D:6      | Found Ciwawnaf's Armour Boutique.
  5479 | D:6      | Found Uceguaqeu's Armour Shoppe.
  5515 | D:6      | Bought a scarf of harm for 117 gold pieces
  5638 | D:6      | Reached XP level 8. HP: 70/70 MP: 7/7
  5651 | D:6      | Found Bietuq's Assorted Antiques.
  5768 | D:6      | Reached skill level 1 in Stealth
  5811 | D:6      | Found a burning altar of Makhleb.
  5899 | D:6      | Found a sacrificial altar of Ru.
  5911 | D:6      | Reached skill level 8 in Axes
  6501 | D:7      | Reached **** piety under Trog
  6559 | D:7      | Found a shimmering blue altar of Sif Muna.
  6940 | D:8      | Reached skill level 5 in Dodging
  6948 | D:8      | Reached skill level 9 in Axes
  6948 | D:8      | Reached XP level 9. HP: 38/78 MP: 8/8
  7263 | D:8      | Reached skill level 1 in Shields
  8470 | D:8      | Noticed a centaur warrior
  8618 | D:8      | Found Liren's Jewellery Boutique.
  8646 | D:8      | Reached skill level 10 in Axes
  8718 | D:8      | Found a bloodstained altar of Trog.
  8719 | D:8      | Found an ornate altar of the Wu Jian Council.
  8957 | D:9      | Noticed a troll
  8964 | D:9      | Reached XP level 10. HP: 63/88 MP: 9/9
  8974 | D:9      | Found Qaesoive's Distillery.
  9127 | D:9      | Reached ***** piety under Trog
  9390 | D:9      | Found a staircase to the Lair.
  9419 | D:9      | Reached skill level 10 in Armour
  9437 | D:9      | Reached skill level 11 in Axes
  9886 | D:9      | Found a blossoming altar of Fedhas.
 10029 | D:8      | Bought an amulet of reflection for 360 gold pieces
 10126 | D:9      | Reached skill level 5 in Shields
 10191 | D:9      | Found a white marble altar of Elyvilon.
 10566 | D:10     | Entered Level 10 of the Dungeon
 10595 | D:10     | Found the +9 staff of Olgreb {rPois∞}
 10870 | D:10     | Found a runed translucent door.
 10878 | D:10     | Noticed a wolf spider
 10879 | D:10     | Found a runed translucent gate.
 10879 | D:10     | Found a runed translucent gate.
 10880 | D:10     | Found a runed translucent door.
 10894 | D:10     | Reached XP level 11. HP: 97/97 MP: 10/10
 10912 | D:10     | Found a runed translucent gate.
 10913 | D:10     | Noticed a wolf spider
 10913 | D:10     | Noticed a wolf spider
 10913 | D:10     | Noticed a wolf spider
 11554 | D:10     | Noticed a boulder beetle
 11572 | D:10     | Killed a boulder beetle
 11573 | D:10     | Reached skill level 12 in Axes
 11851 | D:10     | Found a shimmering altar of Xom.
 11924 | D:10     | Found a staircase to the Orcish Mines.
 12144 | D:10     | Killed a wolf spider
 12147 | D:10     | Killed a wolf spider
 12154 | D:10     | Killed a wolf spider
 12155 | D:10     | Reached skill level 10 in Fighting
 12162 | D:10     | Killed a wolf spider
 12542 | D:10     | Received a gift from Trog
 12913 | D:11     | Found a portal to a secret trove of treasure.
 12934 | D:11     | Noticed Harold
 12958 | D:11     | Killed Harold
 12959 | D:11     | Reached skill level 13 in Axes
 13248 | D:11     | Noticed a two-headed ogre
 13255 | D:11     | Killed a two-headed ogre
 13256 | D:11     | Reached XP level 12. HP: 99/107 MP: 11/11
 13284 | D:11     | Noticed a seven-headed hydra
 13292 | D:11     | Killed a seven-headed hydra
 13740 | D:11     | Noticed a two-headed ogre
 13751 | D:11     | Killed a two-headed ogre
 14117 | D:11     | Noticed a six-headed hydra
 14127 | D:11     | Killed a six-headed hydra
 14251 | D:11     | Reached skill level 1 in Maces & Flails
 14793 | Lair:1   | Entered Level 1 of the Lair of Beasts
 15219 | Lair:1   | Reached skill level 10 in Shields
 15293 | Lair:1   | Reached skill level 14 in Axes
 16253 | Lair:2   | Reached XP level 13. HP: 50/116 MP: 12/12
 17850 | Lair:3   | HP: 8/175 [eight-headed hydra (4)]
 17851 | Lair:3   | HP: 3/175 [eight-headed hydra (1)]
 17851 | Lair:3   | Mangled by an eight-headed hydra

Illustrated notes

Levels and vault maps discovered:
D:1:      amcnicky_arrival_underground_garden, layout_loops_ring
D:2:      layout_basic, shapermc_ecumenical_altar_mp_urbaneastern, serial_glass,
          glass_columns_a, glass_columns_b, minivault_19
D:3:      layout_loops_ring, nicolae_qazlal_style_of_elements, uniq_terence
D:4:      layout_basic, zin_academy, kennysheep_okawaru_gauntlet,
          lemuel_crystal_altar, temple_green, kennysheep_generic_room_6
D:5:      layout_cave_pools
D:6:      layout_rooms, demons_altar, nicolae_ru_great_annihilating_truth,
          serial_shops, nicolae_shop_window_shopping, shop_fountains,
          nicolae_lakefront_shop, shop, item_on_display_a
D:7:      layout_cave_pools, overflow_temple_1_default
D:8:      layout_basic, gammafunk_temple_overflow_wave, serial_shops,
          nicolae_shop_hallway_plus, chequers_hall_statues_y,
          onia_ninara_dug_in_and_dangerous
D:9:      layout_basic, mainiacjoe_overflow_cross_hatched,
          mainiacjoe_overflow_small_starburst, erik_lair_island, serial_shops,
          nicolae_shop_statue_plus, reono_crystal_passage,
          minmay_misc_feat_tiny, hangedman_decor_clover_reticule,
          lemuel_flamethrower_2
D:10:     layout_irregular_city, lemuel_tele_altar, david_orc_2,
          minmay_guarded_unrand_staff_of_olgreb
D:11:     layout_roguey, enter_trove_3, serial_corexii_hall,
          corexii_hall_statues_s, corexii_hall_statues_x,
          grunt_decor_one_mirror, minivault_5, uniq_grum, uniq_harold
Lair:1:   layout_misc_corridors, serial_forest, infiniplex_forest_lined_room_2,
          infiniplex_forest_zigzag_2, infiniplex_forest_zigzag_1,
          infiniplex_forest_straight_3, infiniplex_forest_lined_3,
          infiniplex_forest_clump_C, infiniplex_forest_end_3,
          serial_bayou_shore_b
Lair:2:   layout_roguey [special_room_bee], lemuel_another_geyser,
          lemuel_fruit_tree, serial_bayou_shore_a
Lair:3:   layout_gridlike, minmay_shoals_entry_centaurs,
          guppyfry_snake_entry_garden

Skill      XL: |  1  2  3  4  5  6  7  8  9 10 11 12 |
---------------+-------------------------------------+-----
Fighting       | 4 5 6 7 9 10 11 | 11.9
Axes           | 4 5 6 7 9 10 11 13 14 | 14.5
Armour         | 3 4 5 6 8 9 10 11 12 | 12.4
Dodging        | 3 4 5 6 7 8 9 |  9.6
Stealth        | 2 3 |  3.7
Shields        | 3 6 9 11 | 11.9
Maces & Flails | 2 |  2.5
Throwing       | |  0.1
Evocations     | |  0.8

Action                   |  1- 3 |  4- 6 |  7- 9 | 10-12 | 13-15 || total
-------------------------+-------+-------+-------+-------+-------++-------
Melee: Hand axe          |   100 |   124 |   280 |   586 |   117 ||  1207
       Headbutt          |    14 |    21 |    55 |   145 |    32 ||   267
       Punch             |       |       |     2 |       |       ||     2
       Mace              |       |       |       |    25 |     5 ||    30
Throw: Dart              |       |       |       |     2 |       ||     2
Invok: Berserk           |       |     1 |     2 |     4 |     1 ||     8
       Brothers in Arms  |       |       |       |     1 |       ||     1
Evoke: Wand              |       |       |     1 |       |       ||     1
  Use: Potion            |     1 |     4 |     2 |     5 |     1 ||    13
       Scroll            |       |     1 |    13 |     2 |     1 ||    17
 Stab: Paralysed         |       |       |     1 |       |       ||     1
Armor: Animal skin       |     7 |       |       |       |       ||     7
       Ring mail         |    17 |    61 |    53 |       |       ||   131
       Robe              |     3 |       |       |       |       ||     3
       Scale mail        |       |       |    82 |   180 |    49 ||   311
       Skin              |       |       |       |    25 |       ||    25
Dodge: Dodged            |    56 |    81 |   163 |   235 |    50 ||   585
Block: Kite shield       |       |       |    66 |   446 |    99 ||   611
       Reflection        |       |       |       |     3 |       ||     3
